 Dungeon Crawl Stone Soup version 0.21.1-1-g345015f (webtiles) character file.

40 SedStubbie the Protected (level 3, -6/35 HPs)
             Began as a Gnoll Wanderer on June 29, 2018.
             Mangled by a gnoll
             ... wielding a +0 halberd
              (9 damage)
             ... on level 2 of the Dungeon.
             The game lasted 00:01:51 (887 turns).

SedStubbie the Protected (Gnoll Wanderer)            Turns: 887, Time: 00:01:52

Health: -6/35      AC:  2    Str: 17    XL:     3   Next: 50%
Magic:  4/4        EV: 10    Int: 14    God:
Gold:   44         SH:  0    Dex: 12    Spells: 3/3 levels left

rFire    . . .     SeeInvis .   a - +2 mace
rCold    . . .     Gourm    .   (no shield)
rNeg     . . .     Faith    .   b - +0 ring mail
rPois    .         Spirit   .   (no helmet)
rElec    .         Reflect  .   (no cloak)
rCorr    .         Harm     .   (no gloves)
MR       .....                  (no boots)
Stlth    +.........             (no amulet)
HPRegen  0.11/turn              g - -4 ring of protection (curse)
MPRegen  0.09/turn              (no ring)

@: no status effects
A: distributed training, fangs 1, strong nose
a: no special abilities


You were on level 2 of the Dungeon.
You were not hungry.

You visited 1 branch of the dungeon, and saw 2 of its levels.

You collected 44 gold pieces.

Inventory:

Hand Weapons
 a - a +2 mace (weapon)
Armour
 b - a +0 ring mail (worn)
Jewellery
 g - a cursed -4 ring of protection (left hand)
Potions
 c - a potion of curing
Comestibles
 d - 4 rations


   Skills:
 + Level 6.5 Fighting
 + Level 0.8 Short Blades
 + Level 0.8 Long Blades
 + Level 0.8 Axes
 + Level 2.6 Maces & Flails
 + Level 0.8 Polearms
 + Level 0.8 Staves
 + Level 0.8 Slings
 + Level 0.8 Bows
 + Level 0.8 Crossbows
 + Level 2.6 Throwing
 + Level 8.5 Armour
 + Level 0.8 Dodging
 + Level 2.4 Stealth
 + Level 0.8 Shields
 + Level 0.8 Unarmed Combat
 + Level 0.8 Spellcasting
 + Level 0.5 Conjurations
 + Level 0.5 Hexes
 + Level 0.5 Charms
 + Level 0.5 Summonings
 + Level 0.5 Necromancy
 + Level 0.5 Translocations
 + Level 0.5 Transmutations
 + Level 0.5 Fire Magic
 + Level 0.5 Ice Magic
 + Level 0.5 Air Magic
 + Level 0.5 Earth Magic
 + Level 0.5 Poison Magic
 + Level 1.0 Invocations
 + Level 0.8 Evocations


You had 3 spell levels left.
You didn't know any spells.

Dungeon Overview and Level Annotations

Branches:
Dungeon (2/15)

Altars:


Innate Abilities, Weirdness & Mutations

Your experience applies equally to all skills.
You have very sharp teeth.
Your uncanny sense of smell can sniff out nearby items.


Message History

The gnoll barely misses you. The kobold hits you with a whip.
The rat barely misses you.
The rat twitches its whiskers.
The kobold hits you with a whip.
You are too injured to fight recklessly!
You are too injured to fight recklessly!
You are too injured to fight recklessly!
You are too injured to fight recklessly!
You hit the kobold.
The kobold is severely wounded.
The gnoll closely misses you. The kobold barely misses you.
You hit the kobold.
You kill the kobold!
Your Invocations skill increases to level 1!
The gnoll hits you from afar with a halberd!
* * * LOW HITPOINT WARNING * * *
You hit the gnoll. You bite the gnoll.
The gnoll is severely wounded.
The gnoll hits you from afar with a halberd!
You die...

∆ #. .##### ∆## #.# ###
......# #. #.# #..
......#. #.# #.####
#####..g#### #.# ##.##.##
......grg@.###.## #....#.#
#####..g##.##...###...###.
#..%##.#.....##†.## ##
#..(..............###.
#.####.#......#..#.#.# ...
#.##...#.#..##... ####
#.##..##.#.......
#.##.###.#.###.## ..##.#
#.#.###.#


You could see 4 gnolls and a rat.

Vanquished Creatures
  3 dart slugs (D:1)
  A leopard gecko (D:1)
  A ball python (D:1)
  3 bats (D:1)
  3 giant cockroaches (D:1)
  2 goblins (D:1)
  5 hobgoblins (D:1)
  5 jackals (D:1)
  3 kobolds
  2 rats (D:2)
28 creatures vanquished.

Notes
Turn   | Place    | Note
-------+----------+-------------------------------------------
     0 | D:1      | SedStubbie the Gnoll Wanderer began the quest for the Orb.
     0 | D:1      | SedStubbie set off with: a +2 mace, a +0 ring mail, a potion of curing, a ration
     0 | D:1      | Reached XP level 1. HP: 23/23 MP: 1/1
    61 | D:1      | Reached XP level 2. HP: 17/29 MP: 2/2
   315 | D:1      | Reached XP level 3. HP: 9/35 MP: 3/3
   886 | D:2      | Reached skill level 1 in Invocations
   887 | D:2      | Mangled by a gnoll

Skill      XL: |  1  2  3 |
---------------+----------+-----
Invocations    | 1 |  1.0
Fighting       | |  6.5
Short Blades   | |  0.8
Long Blades    | |  0.8
Axes           | |  0.8
Maces & Flails | |  2.6
Polearms       | |  0.8
Staves         | |  0.8
Slings         | |  0.8
Bows           | |  0.8
Crossbows      | |  0.8
Throwing       | |  2.6
Armour         | |  8.5
Dodging        | |  0.8
Stealth        | |  2.4
Shields        | |  0.8
Unarmed Combat | |  0.8
Spellcasting   | |  0.8
Conjurations   | |  0.5
Hexes          | |  0.5
Charms         | |  0.5
Summonings     | |  0.5
Necromancy     | |  0.5
Translocations | |  0.5
Transmutations | |  0.5
Fire Magic     | |  0.5
Ice Magic      | |  0.5
Air Magic      | |  0.5
Earth Magic    | |  0.5
Poison Magic   | |  0.5
Evocations     | |  0.8

Action                   || total
-------------------------++-------
Melee: Mace              ||    80
       Bite              ||    10
  Use: Scroll            ||     3
Armor: Ring mail         ||    39
Dodge: Dodged            ||    74
